 Dungeon Crawl Stone Soup version 0.19.3 (webtiles) character file.

186 Jynx the Chiller (level 5, -1/35 HPs)
             Began as a Demonspawn Ice Elementalist on Jan 23, 2017.
             Slain by smzp's ghost (6 damage)
             ... on level 4 of the Dungeon.
             The game lasted 00:06:37 (3552 turns).

Jynx the Chiller (Demonspawn Ice Elementalist)      Turns: 3552, Time: 00:06:38

Health: -1/35      AC:  7    Str:  8    XL:     5   Next: 38%
Magic:  0/9        EV: 13    Int: 18    God:
Gold:   113        SH:  0    Dex: 13    Spells: 2 memorised, 6 levels left

rFire  + . .     SeeInvis .     k - +1 spear
rCold  . . .     Gourm    .     a - +1 robe
rNeg   . . .     Faith    .     (no shield)
rPois  .         Spirit   .     (no helmet)
rElec  .         Reflect  .     (no cloak)
rCorr  +         Harm     .     (no gloves)
MR     .....                    (no boots)
Stlth  ++........               (no amulet)
                                (no ring)
                                h - ring of protection from fire

@: very slightly contaminated
A: yellow scales 3
a: no special abilities


You were on level 4 of the Dungeon.
You were hungry.

You visited 1 branch of the dungeon, and saw 4 of its levels.

You collected 113 gold pieces.

Inventory:

Hand Weapons
 k - a +1 spear (weapon)
Armour
 a - a +1 robe (worn)
Jewellery
 h - a ring of protection from fire (left hand)
Scrolls
 e - a scroll of amnesia
 f - 2 scrolls of remove curse
Potions
 d - 2 potions of curing {unknown}
 g - 3 potions of haste {unknown}
 i - a potion of flight {unknown}
 l - a potion of mutation {unknown}
 o - a potion of brilliance {unknown}
 p - 2 potions of lignification {unknown}
 r - a potion of heal wounds {unknown}
 u - 2 potions of berserk rage {unknown}
Books
 b - a book of Frost

   Spells                             Type                      Level
   a - Freeze                         Ice                          1
   b - Throw Frost                    Conjuration/Ice              2
   c - Ozocubu's Armour               Charms/Ice                   3
   d - Throw Icicle                   Conjuration/Ice              4
   e - Summon Ice Beast               Ice/Summoning                4
Comestibles
 c - 3 bread rations
 q - 3 fruits


   Skills:
 + Level 2.8 Dodging
 - Level 1.7 Stealth
 + Level 3.2 Spellcasting
   Level 1.0 Conjurations
 * Level 4.3 Ice Magic


You had 6 spell levels left.
You knew the following spells:

 Your Spells              Type           Power        Failure   Level  Hunger
a - Freeze                Ice            ###.         2%          1    None
b - Ozocubu's Armour      Chrm/Ice       ##......     24%         3    ###....


Dungeon Overview and Level Annotations

Branches:
Dungeon (4/15)
 Temple: D:4-7

Altars:

Annotations:
D:4 smzp's ghost, novice HaFi


Innate Abilities, Weirdness & Mutations

You are completely covered in yellow scales. (AC +4, rCorr)


Message History

Smzp's ghost is severely damaged.
The hound closely misses you.
Smzp's ghost hits you but does no damage.
Casting: Freeze
Confirm with . or Enter, or press ? or * to list all spells.
You don't have enough magic to cast that spell.
Casting: Freeze
Confirm with . or Enter, or press ? or * to list all spells.
You don't have enough magic to cast that spell.
Casting: Freeze
Confirm with . or Enter, or press ? or * to list all spells.
You don't have enough magic to cast that spell.
Casting: Freeze
Confirm with . or Enter, or press ? or * to list all spells.
You don't have enough magic to cast that spell.
Casting: Freeze
Confirm with . or Enter, or press ? or * to list all spells.
You don't have enough magic to cast that spell.
The hound closely misses you. Smzp's ghost hits you.
You die...

#.. ... .... ###
.%.## ...
.w.####.##.#
#.#.@h....#
######...W#.####
..........# ####
####......#...h.
#<......#
#..##..#.# #$.
#..#... ...
#........ ###
##.....#..


You could see a hound and smzp's ghost.

Vanquished Creatures
  A centaur (D:3)
  4 adders
  2 worms (D:2)
  4 dart slugs
  A leopard gecko (D:1)
  2 orcs (D:3)
  6 bats
  3 giant cockroaches
  7 goblins
  6 hobgoblins
  6 frilled lizards (D:2)
  5 kobolds
  A quokka skeleton (D:4)
  11 rats
59 creatures vanquished.

Notes
Turn   | Place    | Note
-------+----------+-------------------------------------------
     0 | D:1      | Jynx the Demonspawn Ice Elementalist began the quest for the Orb.
     0 | D:1      | Reached XP level 1. HP: 13/13 MP: 3/3
   260 | D:1      | Reached skill level 3 in Ice Magic
   260 | D:1      | Gained mutation: You are partially covered in yellow scales. (AC +2) [demonic ancestry]
   260 | D:1      | Reached XP level 2. HP: 18/19 MP: 5/5
   873 | D:2      | Gained mutation: You are mostly covered in yellow scales. (AC +3) [demonic ancestry]
   873 | D:2      | Reached XP level 3. HP: 22/24 MP: 0/6
  1908 | D:2      | Reached XP level 4. HP: 3/30 MP: 0/7
  2302 | D:2      | Learned a level 3 spell: Ozocubu's Armour
  2855 | D:3      | Noticed a centaur
  2866 | D:3      | Killed a centaur
  2866 | D:3      | Reached skill level 4 in Ice Magic
  2866 | D:3      | Gained mutation: You are completely covered in yellow scales. (AC +4, rCorr) [demonic ancestry]
  2866 | D:3      | Reached XP level 5. HP: 7/35 MP: 2/9
  3309 | D:4      | Noticed smzp's ghost (novice HaFi)
  3552 | D:4      | Slain by smzp's ghost

Skill      XL: |  1  2  3  4 |
---------------+-------------+-----
Dodging        | 2 |  2.8
Ice Magic      | 3 4 |  4.3
Spellcasting   | 3 |  3.2
Stealth        | |  1.7
Conjurations   | |  1.0

Action                   |  1- 3 |  4- 6 || total
-------------------------+-------+-------++-------
Melee: Spear             |    96 |    29 ||   125
       Unarmed           |    18 |       ||    18
 Cast: Freeze            |    34 |    42 ||    76
  Use: Scroll            |     3 |     5 ||     8
 Stab: Sleeping          |     2 |       ||     2
  Eat: Chunk             |     4 |     3 ||     7
       Fruit             |       |     1 ||     1
Armor: Robe              |    28 |    20 ||    48
Dodge: Dodged            |    92 |    36 ||   128
